 Dungeon Crawl Stone Soup version 0.22.1-2-g9c5b331 (webtiles) character file.

703 shamaniam the Ruffian (level 7, 0/67 HPs)
             Began as a Troll Transmuter on Nov 28, 2018.
             Was an Initiate of Ru.
             Slain by a slave (4 damage)
             ... led by Pikel
             ... on level 5 of the Dungeon.
             The game lasted 00:07:38 (3422 turns).

shamaniam the Ruffian (Troll Transmuter)            Turns: 3422, Time: 00:07:38

Health: 0/67       AC:  6    Str: 19    XL:     7   Next: 39%
Magic:  8/8        EV: 11    Int: 11    God:    Ru [......]
Gold:   122        SH:  0    Dex: 10    Spells: 7/8 levels left

rFire    . . .     SeeInvis .     - Unarmed
rCold    . . .     Gourm    +   (no shield)
rNeg     . . .     Faith    .   n - +1 robe {MR+}
rPois    .         Spirit   .   (helmet restricted)
rElec    .         Reflect  .   (no cloak)
rCorr    .         Harm     .   (gloves unavailable)
MR       +....                  (boots unavailable)
Stlth    ++........             (no amulet)
HPRegen  0.61/turn              e - ring of stealth
MPRegen  0.11/turn              (no ring)

@: no status effects
A: large, unfitting armour, claws 3, fast metabolism 3, gourmand, regeneration
1, shaggy fur 1, tough skin 2
a: Renounce Religion


You were on level 5 of the Dungeon.
You worshipped Ru.
Ru was noncommittal.
You were full.

You visited 2 branches of the dungeon, and saw 6 of its levels.

You collected 122 gold pieces.

Inventory:

Hand Weapons
 o - the +2 flail of Makhleb's Approval {elec, *Corrode rF+ rN+ MR++}
   (You found it on level 4 of the Dungeon)

   Occasionally, upon striking a foe, it will discharge some electrical energy
   and cause terrible harm.
   It protects you from fire.
   It protects you from negative energy.
   It affects your resistance to hostile enchantments.
   It may corrode you when you take damage.
Missiles
 a - 24 arrows
Armour
 n - a +1 robe of magic resistance (worn)
Jewellery
 e - a ring of stealth (left claw)
Scrolls
 c - 3 scrolls of fear {unknown}
 g - 2 scrolls of identify
 h - 2 scrolls of teleportation
Potions
 b - a potion of brilliance {unknown}
 f - 3 potions of flight
 i - a potion of curing
 j - a potion of lignification {unknown}
 k - a potion of ambrosia
 l - a potion of invisibility {unknown}
 m - 2 potions of might {unknown}
Comestibles
 d - 9 rations


   Skills:
 + Level 3.3 Fighting
 + Level 3.6 Dodging
 * Level 6.2 Unarmed Combat
 - Level 1.4 Spellcasting
 - Level 1.7 Transmutations


You had 7 spell levels left.
You knew the following spells:

 Your Spells              Type           Power        Failure   Level  Hunger
a - Beastly Appendage     Tmut           #.....       16%         1    ##.....

Your spell library contained the following spells:

 Spells                   Type           Power        Failure   Level  Hunger
 Sticks to Snakes         Tmut           #.......     24%         2    ###....
 Spider Form              Tmut/Pois      #.........   54%         3    ####...
 Ice Form                 Ice/Tmut       #.......     91%         4    #####..
 Blade Hands              Tmut           #.........   99%         5    ######.


Dungeon Overview and Level Annotations

Branches:
Dungeon (5/15)             Temple (1/1) D:4

Altars:
Ashenzari
Cheibriados
Dithmenos
Elyvilon
Fedhas
Gozag
Hepliaklqana
Makhleb
Nemelex Xobeh
Okawaru
Qazlal
Ru
Sif Muna
Trog
Uskayaw
Vehumet
Wu Jian
Xom
Yredelemnul
The Shining One

Annotations:
D:5 Pikel


Innate Abilities, Weirdness & Mutations

You are too large for most types of armour.
You have claws for hands.
Your metabolism is lightning-fast.
You like to eat raw meat.
Your natural rate of healing is unusually fast.
You are covered in fur. (AC +1)
You have very tough skin. (AC +2)


Message History

The slave hits you but does no damage. The slave hits you!
* * * LOW HITPOINT WARNING * * *
You barely miss Pikel.
Pikel is moderately wounded.
The slave barely misses you. Pikel misses you.
The slave hits you but does no damage.
You scratch Pikel.
Pikel is heavily wounded.
The slave hits you.
* * * LOW HITPOINT WARNING * * *
The slave closely misses you. Pikel hits you with a whip of freezing!
* * * LOW HITPOINT WARNING * * *
Pikel freezes you.
* * * LOW HITPOINT WARNING * * *
The slave hits you!
* * * LOW HITPOINT WARNING * * *
You scratch Pikel but do no damage.
Pikel is heavily wounded.
The slave closely misses you. The slave hits you.
You die...

...................[.
.....................
.....................
.....................
.....................
.....................
............p........
.......<[...@K.......
............pp.......
..................%..
..............$......
.....................
....................p
...#######...........
... ............. ..
..............


You could see Pikel and 3 slaves.

Vanquished Creatures
  Sigmund (D:4)
  A slave (D:5)
  A phantom (D:4)
  A centaur (D:3)
  A hound (D:4)
  Natasha (twice) (D:4)
  5 orc wizards (D:4)
  A worker ant (D:4)
  A hound skeleton (D:4)
  3 adders
  A worm (D:2)
  2 dart slugs
  A leopard gecko (D:4)
  14 orcs
  8 bats
  2 giant cockroaches (D:1)
  2 gnoll zombies (D:4)
  10 goblins
  6 hobgoblins
  5 jackals (D:4)
  7 kobolds
  2 quokkas
  2 ball pythons
  5 frilled lizards
  A quokka skeleton (D:4)
  9 rats
94 creatures vanquished.

Notes
Turn   | Place    | Note
-------+----------+-------------------------------------------
     0 | D:1      | shamaniam the Troll Transmuter began the quest for the Orb.
     0 | D:1      | Reached XP level 1. HP: 18/18 MP: 1/1
    42 | D:1      | Reached skill level 1 in Fighting
    43 | D:1      | Reached XP level 2. HP: 24/27 MP: 3/3
   270 | D:1      | Reached XP level 3. HP: 33/33 MP: 4/4
  1348 | D:3      | Reached XP level 4. HP: 39/41 MP: 5/5
  1435 | D:3      | Noticed a centaur
  1444 | D:3      | Killed a centaur
  1444 | D:3      | Reached skill level 4 in Unarmed Combat
  1444 | D:3      | Reached XP level 5. HP: 19/49 MP: 6/6
  1722 | D:3      | Found a shadowy altar of Dithmenos.
  1722 | D:3      | Found a bloodstained altar of Trog.
  1723 | D:3      | Found a burning altar of Makhleb.
  1989 | D:4      | Found an ornate altar of the Wu Jian Council.
  2009 | D:4      | Noticed a phantom
  2024 | D:4      | Killed a phantom
  2072 | D:4      | Found a basalt altar of Yredelemnul.
  2077 | D:4      | Reached XP level 6. HP: 59/59 MP: 7/7
  2162 | D:4      | Reached skill level 5 in Unarmed Combat
  2273 | D:4      | Found a staircase to the Ecumenical Temple.
  2284 | Temple   | Entered the Ecumenical Temple
  2345 | Temple   | Became a worshipper of Ru the Awakened
  3160 | D:4      | Noticed Natasha
  3172 | D:4      | Killed Natasha
  3172 | D:4      | Reached XP level 7. HP: 55/67 MP: 8/8
  3198 | D:4      | Noticed Sigmund
  3216 | D:4      | Killed Sigmund
  3216 | D:4      | Reached skill level 6 in Unarmed Combat
  3329 | D:4      | Noticed Natasha
  3334 | D:4      | Killed Natasha
  3355 | D:4      | Got a faintly glowing flail
  3356 | D:4      | Identified the +2 flail of Makhleb's Approval {elec,
                  | *Corrode rF+ rN+ MR++} (You found it on level 4 of the
                  | Dungeon)
  3374 | D:5      | Entered Level 5 of the Dungeon
  3383 | D:5      | Noticed Pikel
  3421 | D:5      | HP: 3/67 [slave[Pikel] (7)]
  3422 | D:5      | Slain by a slave

Skill      XL: |  1  2  3  4  5  6  7 |
---------------+----------------------+-----
Fighting       | 1 2 3 |  3.3
Dodging        | 2 3 |  3.6
Unarmed Combat | 4 5 6 |  6.2
Spellcasting   | |  1.4
Transmutations | |  1.7

Action                   |  1- 3 |  4- 6 |  7- 9 || total
-------------------------+-------+-------+-------++-------
Melee: Unarmed           |   139 |   164 |    29 ||   332
       Punch             |       |     3 |     1 ||     4
  Use: Scroll            |       |     7 |       ||     7
 Stab: Sleeping          |     1 |     1 |       ||     2
  Eat: Chunk             |    18 |    13 |     3 ||    34
Armor: Robe              |    89 |    48 |     5 ||   142
Dodge: Dodged            |   109 |    73 |    16 ||   198
